 Dungeon Crawl Stone Soup version 0.25-a0-21-ga5a8db46c7 (webtiles) character file.

Game seed: 2878892271752322486, levelgen mode: deterministic

224 Kohma the Sneak (level 5, -3/24 HPs)
             Began as a Spriggan Enchanter on Oct 16, 2019.
             Shot with an arrow by a centaur (15 damage)
             ... on level 4 of the Dungeon.
             The game lasted 00:11:08 (3654 turns).

Kohma the Sneak (Spriggan Enchanter)                Turns: 3654, Time: 00:11:09

Health: -3/24      AC:  3    Str:  4    XL:     5   Next: 67%
Magic:  10/10      EV: 18    Int: 18    God:
Gold:   101        SH:  0    Dex: 16    Spells: 6/9 levels left

rFire    . . .     SeeInvis +   r - +2 short sword (flame)
rCold    . . .     Gourm    .   (shield restricted)
rNeg     . . .     Faith    .   q - +0 robe
rPois    .         Spirit   .   (helmet restricted)
rElec    .         Reflect  .   x - +0 cloak
rCorr    .         Harm     .   (gloves unavailable)
MR       .....                  (boots unavailable)
Stlth    ++++......             (no amulet)
HPRegen  0.08/turn              (no ring)
MPRegen  0.12/turn              (no ring)

@: very quick
A: very small, unfitting armour, see invisible, herbivore, speed 3, slow
metabolism 2
a: no special abilities


You were on level 4 of the Dungeon.
You were not hungry.

You visited 1 branch of the dungeon, and saw 4 of its levels.

You collected 101 gold pieces.

Inventory:

Hand Weapons
 a - a +1 dagger
 b - a +1 hunting sling of freezing
 r - a +2 short sword of flaming (weapon)
 C - a +0 short sword
Missiles
 e - 115 stones
 D - 11 poisoned darts (quivered)
Armour
 q - a +0 robe (worn)
 x - a +0 cloak (worn)
Jewellery
 p - an uncursed ring of fire {unknown}
 y - an uncursed ring of flight {unknown}
 B - an uncursed amulet of the gourmand {unknown}
Scrolls
 f - 3 scrolls of amnesia {unknown}
 g - 3 scrolls of identify {unknown}
 h - 7 scrolls of remove curse {unknown}
 j - 2 scrolls of enchant weapon {unknown}
 o - 3 scrolls of random uselessness {unknown}
 t - 7 scrolls of immolation {unknown}
 u - 2 scrolls of blinking {unknown}
 A - a scroll of enchant armour {unknown}
Potions
 c - 2 potions of curing {unknown}
 i - a potion of resistance {unknown}
 k - a potion of invisibility {unknown}
 l - a potion of lignification {unknown}
 m - a potion of flight {unknown}
 n - 3 potions of heal wounds {unknown}
 s - a potion of mutation {unknown}
 v - a potion of cancellation {unknown}
 w - a potion of ambrosia {unknown}
 z - 2 potions of brilliance {unknown}
 E - a potion of degeneration {unknown}
Comestibles
 d - 4 rations


   Skills:
 + Level 4.2 Short Blades
 - Level 3.2 Dodging
 + Level 7.5 Stealth
 - Level 2.9 Spellcasting
 - Level 3.8 Hexes


You had 6 spell levels left.
You knew the following spells:

 Your Spells              Type           Power        Failure   Level  Hunger
a - Corona                Hex            ###....      3%          1    None
b - Ensorcelled Hibernat  Hex/Ice        #.....       12%         2    ##.....

Your spell library contained the following spells:

 Spells                   Type           Power        Failure   Level  Hunger
 Confuse                  Hex            ###.....     11%         3    ###....
 Tukima's Dance           Hex            ###.....     11%         3    ###....
 Dazzling Spray           Conj/Hex       #.....       22%         3    ###....


Dungeon Overview and Level Annotations

Branches:
Dungeon (4/15)
 Temple: D:4-7

Altars:
Qazlal


Innate Abilities, Weirdness & Mutations

You are very small and have problems with some larger weapons.
You are too small for most types of armour.
You have supernaturally acute eyesight. (SInv)
You are a herbivore.
You cover ground extremely quickly.
You need to consume almost no food.


Message History

You eat one of the 5 rations.
That ration really hit the spot!
Done exploring.
There is a stone staircase leading down here.
You climb downwards.
Found a scroll labeled MIRAIGGIEVEBB.
There is a stone staircase leading up here.
h - 7 scrolls labeled MIRAIGGIEVEBB (gained 1)
You open the door.
There is an open door here.
There is an open door here.
A quokka comes into view.
A centaur comes into view.
The centaur shouts!
The centaur wields a +0 shortbow.
The centaur shoots an arrow.
The arrow hits you!
Ouch! That really hurt!
You see here an arrow.
The centaur shoots an arrow.
The arrow hits you!
Ouch! That really hurt!
You die...

#. ######### #.
#####........
#.###......########
###..................
..............############
####.<..#'#...............
#....#.#.#..#.(..#####
#....#.#....#.##.#
#....#.#....#@# ..r
#....#.#.#..#.# .#...
.......#.#..#c# .#####
.....####.#..#.# .. .....#
#..#.# ## #.# #.# ..#


You could see a centaur.

Vanquished Creatures
  Crazy Yiuf (D:2)
  A worker ant (D:3)
  Robin (D:2)
  4 adders
  3 worms
  2 dart slugs (D:1)
  3 leopard geckos
  3 orcs (D:3)
  2 ball pythons (D:3)
  6 bats
  6 giant cockroaches
  19 goblins
  5 hobgoblins
  4 jackals (D:2)
  7 kobolds
  2 quokkas
  4 frilled lizards
  12 rats
85 creatures vanquished.

Vanquished Creatures (others)
  An orc wizard (D:3)
1 creature vanquished.

Grand Total: 86 creatures vanquished

Notes
Turn   | Place    | Note
-------+----------+-------------------------------------------
     0 | D:1      | Kohma the Spriggan Enchanter began the quest for the Orb.
     0 | D:1      | Reached XP level 1. HP: 9/9 MP: 5/5
   367 | D:1      | Reached XP level 2. HP: 13/13 MP: 4/6
   372 | D:1      | Learned a level 2 spell: Ensorcelled Hibernation
   657 | D:1      | Reached skill level 5 in Stealth
  1042 | D:1      | Reached XP level 3. HP: 15/16 MP: 6/8
  1183 | D:2      | Noticed Robin
  1213 | D:2      | Killed Robin
  1823 | D:1      | Reached XP level 4. HP: 3/21 MP: 1/9
  2200 | D:2      | Reached skill level 6 in Stealth
  2334 | D:2      | Found a runed translucent door.
  2335 | D:2      | Noticed Crazy Yiuf
  2341 | D:2      | Killed Crazy Yiuf
  2976 | D:3      | Reached XP level 5. HP: 24/24 MP: 10/10
  3011 | D:3      | Found a stormy altar of Qazlal.
  3059 | D:3      | Reached skill level 7 in Stealth
  3649 | D:4      | Noticed a centaur
  3654 | D:4      | Shot with an arrow by a centaur

Levels and vault maps discovered:
D:1:      minmay_arrival_four_loops, layout_basic
D:2:      layout_rooms, uniq_crazy_yiuf_cottage, uniq_robin
D:3:      layout_rooms, minmay_statues_item, grunt_qazlal_clouds
D:4:      layout_basic

Skill      XL: |  1  2  3  4  5 |
---------------+----------------+-----
Stealth        | 5 6 7 |  7.5
Short Blades   | 2 3 4 |  4.2
Dodging        | |  3.2
Spellcasting   | |  2.9
Hexes          | |  3.8

Action                   |  1- 3 |  4- 6 || total
-------------------------+-------+-------++-------
Melee: Dagger            |    98 |       ||    98
       Short sword       |       |    83 ||    83
 Fire: Hunting sling     |       |     6 ||     6
Throw: Stone             |    20 |       ||    20
       Dart              |       |     1 ||     1
 Cast: Corona            |     6 |       ||     6
       Ensorcelled Hiber |    24 |    27 ||    51
 Stab: Sleeping          |    22 |    25 ||    47
  Eat: Ration            |       |     2 ||     2
Armor: Robe              |    10 |     8 ||    18
Dodge: Dodged            |    92 |    50 ||   142

Table legend:
 A = Non-vault XP
 B = Vault XP
 C = Vault XP percentage of total XP
 D = Non-vault monster count
 E = Vault monster count
 F = Vault count percentage of total count
                 A         B        C        D         E       F
            +---------+---------+-------+---------+---------+-------
      Total |     244 |      76 |  23.8 |      73 |      13 |  15.1
            +---------+---------+-------+---------+---------+-------
        D:1 |      51 |      16 |  23.9 |      28 |       8 |  22.2
        D:2 |      67 |      60 |  47.2 |      21 |       5 |  19.2
        D:3 |     126 |       0 |   0.0 |      24 |       0 |   0.0
            +---------+---------+-------+---------+---------+-------
